noty, lawful male human Valkyrie --------- |.u.D%.@| 2 |EHOg.@.| |DH@@I5.|33 |E.H*..4|34 | |..3AHD.| 5 |.I----%----5 | |.%$54%A)`5I.5| ---%%3)N%%3.- -----N----- @ 33445 534355432 @ 2345 4 ... %.%3. --... %.%?. --.... ---|----...- %.%..... ------- noty the Warrior Experience level: 15 Strength: 25 Dexterity: 16 Constitution: 18 Intelligence: 8 Wisdom: 15 Charisma: 9 Health: 117(143) Energy: 42(42) Def: 37 Gold: 2115 Moves: 25658 Dungeon seed: 5Z90aBy_2tG3SBeo Game ID: noty_1468257702 Your Inventory: Coins $ - 2115 gold pieces Amulets G - an uncursed amulet versus poison J - an uncursed amulet of life saving (being worn) Weapons a - the blessed rustproof +7 Excalibur (weapon in hand) d - a rustproof +2 katana (wielded in other hand) T - the blessed greased rustproof +0 Sceptre of Might Armor e - an uncursed +0 mummy wrapping r - an uncursed very rusty corroded +0 dwarvish iron helm (being worn) y - a blessed greased +4 silver dragon scale mail (being worn) I - an uncursed burnt +0 pair of water walking boots K - an uncursed +0 pair of gauntlets of power (being worn) N - an uncursed +1 Hawaiian shirt (being worn) O - a blessed greased fireproof +5 cloak of protection (being worn) Y - a blessed thoroughly burnt +5 pair of speed boots (being worn) Comestibles s - an uncursed cram ration z - 7 uncursed lumps of royal jelly D - 2 uncursed lizard corpses R - an uncursed food ration Spellbooks F - the uncursed Book of the Dead Potions H - an uncursed potion of full healing Rings j - an uncursed ring of slow digestion (on right hand) M - an uncursed ring of levitation (on left hand) Q - an uncursed ring of teleport control Wands b - a wand of create monster (0:2) v - a wand of digging (0:5) Tools f - a can of grease (0:5) g - an uncursed leather drum h - an expensive camera (0:77) k - an uncursed skeleton key m - the blessed Orb of Fate (0:5) n - an uncursed bugle p - an uncursed towel q - a blessed bag of holding u - a blessed oil lamp (0:493) x - an uncursed blindfold A - a blessed +0 unicorn horn B - the Bell of Opening (0:0) E - a rusty +0 pick-axe L - the uncursed Candelabrum of Invocation (7 candles attached) (0:74) V - an uncursed oilskin sack X - an uncursed magic whistle Gems t - an uncursed luckstone Contents of the bag of holding: 2491 gold pieces an uncursed amulet of ESP an uncursed amulet of ESP an uncursed amulet of ESP a cursed amulet of strangulation a cursed amulet of strangulation a blessed amulet versus poison an uncursed amulet versus poison the rustproof +0 Fire Brand the rustproof +0 Mjollnir a cursed -1 helm of opposite alignment 4 uncursed C-rations 5 uncursed K-rations 2 uncursed food rations an uncursed tin of Lord Surtur meat an uncursed tin of Wizard of Yendor meat 2 blessed scrolls of blank paper an uncursed scroll of blank paper 2 cursed scrolls of blank paper an uncursed scroll of charging an uncursed scroll of earth a cursed scroll of earth an uncursed scroll of enchant armor 2 uncursed scrolls of enchant weapon an uncursed scroll of food detection a blessed scroll of genocide 2 uncursed scrolls of light a cursed scroll of magic mapping an uncursed scroll of punishment a blessed scroll of remove curse 3 uncursed scrolls of remove curse a cursed scroll of remove curse 3 uncursed scrolls of scare monster 9 uncursed scrolls of teleportation 12 blessed diluted potions of full healing 2 uncursed potions of acid a blessed potion of fruit juice 2 uncursed potions of fruit juice a blessed potion of full healing 2 uncursed potions of full healing 3 cursed potions of full healing 2 uncursed potions of gain ability a cursed potion of gain energy a blessed potion of gain level 2 uncursed potions of gain level an uncursed potion of hallucination 16 potions of holy water an uncursed potion of polymorph an uncursed potion of restore ability an uncursed potion of speed an uncursed +1 ring of adornment a cursed ring of aggravate monster an uncursed ring of fire resistance an uncursed ring of fire resistance an uncursed ring of hunger a cursed ring of hunger a blessed +6 ring of increase accuracy a cursed -1 ring of increase accuracy an uncursed +0 ring of increase damage an uncursed ring of levitation an uncursed ring of levitation an uncursed ring of poison resistance a cursed ring of polymorph a cursed ring of polymorph an uncursed ring of polymorph control an uncursed ring of protection from shape changers an uncursed ring of protection from shape changers an uncursed ring of regeneration an uncursed ring of shock resistance a cursed ring of sustain ability an uncursed ring of teleport control an uncursed ring of teleportation an uncursed ring of warning a cursed ring of warning a wand of cold (0:3) a wand of create monster (0:15) a wand of create monster (0:14) a wand of create monster (0:12) a wand of create monster (0:10) a wand of create monster (0:0) a wand of death (1:5) a wand of death (1:0) a wand of digging (0:7) a wand of digging (0:6) a wand of digging (0:6) a blessed wand of digging (0:5) a wand of digging (0:5) a wand of digging (0:4) a wand of digging (0:4) a wand of digging (0:4) a wand of digging (0:4) a wand of digging (0:2) a wand of fire (0:6) a wand of fire (0:0) a cursed wand of fire (0:0) a wand of light (0:14) a cursed wand of light (0:14) a wand of light (0:12) a wand of locking (0:5) a wand of magic missile (0:5) a wand of make invisible (0:7) a wand of make invisible (0:6) a wand of make invisible (0:5) a wand of make invisible (0:5) a wand of make invisible (0:2) a wand of polymorph (0:6) a cursed wand of polymorph (0:5) a wand of probing (0:3) a wand of secret door detection (0:13) a blessed wand of sleep (0:7) a wand of sleep (0:7) a wand of sleep (0:5) a wand of sleep (0:5) a wand of sleep (0:4) a wand of sleep (0:4) a wand of sleep (0:1) a wand of sleep (0:0) a wand of slow monster (0:4) a wand of slow monster (0:4) a wand of speed monster (0:5) a wand of speed monster (0:4) a wand of speed monster (0:4) a cursed wand of speed monster (0:4) a wand of speed monster (0:0) a wand of striking (0:4) a wand of striking (0:2) a wand of teleportation (0:6) a cursed wand of teleportation (0:5) a cursed wand of teleportation (0:3) a wand of undead turning (0:4) a can of grease (0:0) a magic marker (0:20) a fireproof magic marker (1:3) an uncursed stethoscope 2 uncursed tallow candles (0:200) a tinning kit (0:89) Spells and supernatural/magical abilities: Name Level Category Fail Memory h - healing 1 healing 100% 7% n - detect monsters 1 divination 100% 7% A - create familiar 3 clerical 100% 9% V - teleportitis -- ability ? -- W - pray for help -- divine ? -- Your skills at the end: Fighting Skills two weapon combat [Skilled] wands [Basic] Weapon Skills dagger [Basic] long sword [Expert] Spellcasting Skills Final Attributes: You were piously aligned. You were fire resistant. You were cold resistant. You were sleep resistant. You were shock resistant. You were poison resistant. You were level-drain resistant. You were magic-protected. You were cancelled. You saw invisible. You were telepathic. You were warned. You had automatic searching. You were stealthy. You aggravated monsters. You caused conflict. You could teleport. You were levitating. You had slower digestion. You were protected. You were very fast. You had reflection. Your life would have been saved. You were wielding two weapons at once. You were extremely lucky. You had extra luck. Good luck did not time out for you. You survived. Vanquished creatures: Asmodeus Baalzebub Orcus Yeenoghu Juiblex The Wizard of Yendor (9 times) Death (4 times) a high priest Medusa 8 krakens an Archon a ki-rin 4 storm giants 2 glass golems 5 purple worms 2 silver dragons 2 shimmering dragons a red dragon 2 white dragons an orange dragon 2 black dragons 5 blue dragons a green dragon 20 minotaurs 2 jabberwocks Lord Surtur 9 baluchitheria 7 Angels a demilich Vlad the Impaler 9 stone golems 2 Olog-hai a Nazgul 5 pit fiends 2 sandestins 2 hell hounds 3 titanotheres a trapper a baby silver dragon 3 disenchanters 27 vampire lords 5 shades 5 skeletons 8 aligned priests 9 captains 2 liches 4 clay golems 9 nurses 4 ice devils 5 nalfeshnees a lurker above 5 frost giants 2 ettins a golden naga 7 black puddings 26 vampires 25 ghosts 7 lieutenants a healer a knight a tourist 3 queen bees a winged gargoyle a mind flayer 4 giant mimics 12 zruties 15 fire giants 13 ogre kings 2 ice trolls 7 rock trolls 7 umber hulks 2 flesh golems 5 Elvenkings 4 doppelgangers 4 hezrous 4 bone devils 8 large mimics 3 wumpuses 7 fire vortices 2 baby long worms 3 long worms 14 stalkers 11 air elementals 3 fire elementals 3 earth elementals 5 water elementals 7 hill giants a giant mummy 3 black nagas 8 xorns 17 giant zombies 10 elf-lords 9 sergeants 2 barbed devils 11 vrocks 2 salamanders 2 wargs 3 winter wolves 5 hell hound pups 9 small mimics a glass piercer 8 warhorses 5 steam vortices 8 xans 5 ettin mummies 7 ogre lords 11 quantum mechanics 8 trolls a sasquatch a wood golem 3 mariliths 4 sharks 6 electric eels 5 gelatinous cubes 2 pyrolisks a large dog 3 freezing spheres a flaming sphere 7 shocking spheres 4 large cats 5 tigers 6 gargoyles 2 tengu 7 ochre jellies 10 leocrottas 4 energy vortices a mountain centaur a stone giant 4 elf mummies 4 red nagas 4 green slimes 7 pit vipers a python 12 cobras 44 wraiths 2 carnivorous apes 15 ettin zombies a leather golem 15 Grey-elves 57 soldiers 2 horned devils 3 succubi 8 incubi 8 chameleons 4 giant beetles 7 quivering blobs 11 cockatrices 6 wolves 2 winter wolf cubs 2 lynxes 4 panthers 6 gremlins a spotted jelly 48 leprechauns 2 orc-captains 5 iron piercers 2 mumakil 5 giant spiders 3 scorpions 5 horses 8 black lights 5 vampire bats 3 forest centaurs 3 gnome kings 2 orc mummies 4 dwarf mummies 7 ogres 5 brown puddings 4 rust monsters 3 owlbears 7 yetis 2 gold golems a werewolf 8 Green-elves 2 piranhas 10 giant eels 18 lizards 8 warriors a chickatrice 2 dogs 3 dingos a housecat 8 jaguars 2 dwarf lords 4 blue jellies 4 gray unicorns 4 black unicorns 12 dust vortices 3 ravens 5 plains centaurs 2 gnome mummies 7 snakes 2 water moccasins 8 apes 14 human zombies 5 Woodland-elves 2 soldier ants 38 fire ants 5 lemures 4 quasits a wood nymph 4 water nymphs 4 mountain nymphs 8 Uruk-hai 3 orc shamans 8 rock piercers 7 rock moles a pony 5 fog clouds 10 yellow lights 3 shriekers 3 violet fungi 7 gnome lords 7 gnomish wizards 3 kobold mummies 2 golden naga hatchlings 4 gray oozes a barrow wight 15 elf zombies 10 ghouls 4 straw golems a paper golem 5 jellyfish 50 giant ants 2 little dogs 9 floating eyes 2 kittens 8 dwarves 5 homunculi 3 kobold lords 3 kobold shamans 5 hill orcs 27 rothes 2 rabid rats 2 centipedes 4 giant bats 4 monkeys 11 orc zombies 12 dwarf zombies a wererat a werejackal 12 iguanas 100 killer bees 3 acid blobs 3 hobbits 4 large kobolds 7 hobgoblins 7 giant rats 12 cave spiders 2 yellow molds 2 green molds 4 red molds 17 gnomes 5 garter snakes 10 gnome zombies 12 geckos 8 jackals 3 foxes 2 kobolds 2 goblins 6 sewer rats 16 grid bugs 2 bats 10 lichens 9 kobold zombies 8 newts 1710 creatures vanquished. Genocided species: hobbits bugbears dwarf lords dwarf kings mind flayers master mind flayers small mimics large mimics giant mimics liches demiliches master liches arch-liches jellyfish piranhas sharks giant eels electric eels krakens 19 species genocided. Voluntary challenges: You had been an atheist until turn 2220. You used a wielded weapon 2380 times, starting on turn 79. You read items or engraved 138 times, starting on turn 187. You genocided 19 types of monsters, starting on turn 10732. You never polymorphed an object. You never changed form. You used 6 wishes, starting on turn 4360. You wished for your your first artifact on turn 10730. You split 6 puddings, starting on turn 14004. You wrote Elbereth's name 52 times, starting on turn 4096. You violated your moral code, losing 104 points of alignment, starting on turn 2066. Dungeon overview: The Dungeons of Doom: levels 1 to 27 Level 1 stairs to The Elemental Planes Level 2 Level 3 an armor shop, a fountain stairs to The Gnomish Mines Level 4 a general store, a fountain, a sink Level 5 Level 6 an armor shop Level 7 Level 8 stairs to Sokoban Level 9 Level 10 an altar to Tyr, some fountains Level 11 a weapon shop, a fountain Level 12 Level 13 some fountains Level 14 portal to The Quest Level 15 a fountain Level 16 Level 17 Level 18 a fountain Level 19 Level 20 a fountain Level 21 an altar to Odin Level 22 Level 23 Level 24 Level 25 Level 26 Level 27 Gehennom: levels 28 to 48 Level 28 a temple to Moloch stairs to The Dungeons of Doom Level 29 Level 30 Level 31 Level 32 Level 33 a fountain Level 34 Level 35 Level 36 Level 37 Level 38 Level 39 Level 40 portal to Gehennom Level 41 some shops, an altar to Moloch Level 42 Level 43 portal to Gehennom Level 44 Level 45 Level 46 Level 47 Level 48 The Gnomish Mines: levels 4 to 6 Level 4 stairs to The Dungeons of Doom Level 5 Level 6 many shops, a temple to Odin, some fountains The Quest: levels 1 to 5 Level 1 a fountain portal to The Dungeons of Doom Level 2 Level 3 Level 4 Level 5 Sokoban: levels 6 to 7 Level 6 Level 7 stairs to The Dungeons of Doom Vlad's Tower: levels 37 to 39 Level 37 Level 38 Level 39 stairs to Gehennom The Elemental Planes: Astral Plane <- You were here a high altar Plane 4 portal to The Elemental Planes Plane 3 portal to The Elemental Planes Plane 2 portal to The Elemental Planes Plane 1 portal to The Elemental Planes History has recorded: On T:1 you entered the Dungeons of Doom to retrieve the Amulet of Yendor! On T:146 you reached level 2 of The Dungeons of Doom. On T:340 you advanced to experience level 2. On T:1592 you advanced to experience level 3. On T:1599 you reached level 3 of The Dungeons of Doom. On T:1694 you reached level 4 of The Dungeons of Doom. On T:1870 you reached level 1 of The Gnomish Mines. On T:1874 you advanced to experience level 4. On T:1944 you advanced to experience level 5. On T:2064 you reached level 2 of The Gnomish Mines. On T:2172 you reached level 3 of The Gnomish Mines. On T:2211 you advanced to experience level 6. On T:2766 you reached level 5 of The Dungeons of Doom. On T:2975 you reached level 6 of The Dungeons of Doom. On T:3282 you reached level 7 of The Dungeons of Doom. On T:3577 you advanced to experience level 7. On T:3992 you reached level 8 of The Dungeons of Doom. On T:4040 you reached level 9 of The Dungeons of Doom. On T:4057 you reached level 4 of Sokoban. On T:4239 you advanced to experience level 8. On T:4300 you reached level 10 of The Dungeons of Doom. On T:4360 you wished for "blessed greased fixed +3 silver dragon scale mail". On T:4686 you reached level 11 of The Dungeons of Doom. On T:4818 you reached level 12 of The Dungeons of Doom. On T:4906 you reached level 13 of The Dungeons of Doom. On T:5177 you advanced to experience level 9. On T:5302 you reached level 14 of The Dungeons of Doom. On T:5436 you reached level 15 of The Dungeons of Doom. On T:5714 you reached level 16 of The Dungeons of Doom. On T:5877 you reached level 17 of The Dungeons of Doom. On T:6203 you advanced to experience level 10. On T:7554 you reached level 1 of The Quest. On T:7785 you reached level 18 of The Dungeons of Doom. On T:8089 you reached level 19 of The Dungeons of Doom. On T:8180 you advanced to experience level 11. On T:8257 you reached level 20 of The Dungeons of Doom. On T:8362 you reached level 21 of The Dungeons of Doom. On T:8608 you reached level 22 of The Dungeons of Doom. On T:8917 you reached level 23 of The Dungeons of Doom. On T:9025 you reached level 24 of The Dungeons of Doom. On T:9050 you reached level 25 of The Dungeons of Doom. On T:9320 you reached level 26 of The Dungeons of Doom. On T:9619 you killed Medusa on level 24 of The Dungeons of Doom. On T:9902 you reached The Castle. On T:9980 you advanced to experience level 12. On T:10725 you wished for "2 blessed scrolls of charging". On T:10730 you wished for "blessed greased fixed +3 sceptre of might". On T:10731 you wished for "3 blessed scrolls of genocide". On T:10733 you wished for "fixed magic marker". On T:11301 you reached The Valley of the Dead. On T:11369 you advanced to experience level 13. On T:11900 you reached level 2 of Gehennom. On T:13527 you reached level 3 of Gehennom. On T:13536 you killed Asmodeus on level 3 of Gehennom. On T:13674 you reached level 4 of Gehennom. On T:13819 you reached level 6 of Gehennom. On T:13828 you killed Juiblex on level 6 of Gehennom. On T:13904 you reached level 5 of Gehennom. On T:14258 you reached level 7 of Gehennom. On T:14350 you advanced to experience level 14. On T:14486 you reached level 8 of Gehennom. On T:14498 you killed Baalzebub on level 8 of Gehennom. On T:14525 you embarked upon an epic quest. On T:14546 you reached level 2 of The Quest. On T:14615 you reached level 3 of The Quest. On T:14679 you reached level 4 of The Quest. On T:14771 you reached level 5 of The Quest. On T:14888 you killed Lord Surtur on level 5 of The Quest. On T:15013 you completed the quest! On T:15212 you reached level 20 of Gehennom. On T:15970 you reached level 19 of Gehennom. On T:15972 you reached level 18 of Gehennom. On T:16336 you reached level 17 of Gehennom. On T:16438 you reached level 16 of Gehennom. On T:16805 you reached level 13 of Gehennom. On T:16973 you reached level 12 of Gehennom. On T:17236 you reached level 11 of Gehennom. On T:18099 you reached level 9 of Gehennom. On T:18191 you reached level 10 of Gehennom. On T:18341 you reached level 3 of Vlad's Tower. On T:18438 you reached level 2 of Vlad's Tower. On T:18523 you reached level 1 of Vlad's Tower. On T:18551 you killed Vlad the Impaler on level 1 of Vlad's Tower. On T:18902 you reached level 14 of Gehennom. On T:19230 you advanced to experience level 15. On T:19502 you killed Yeenoghu on level 14 of Gehennom. On T:19567 you reached level 15 of Gehennom. On T:19889 you killed Orcus on level 14 of Gehennom. On T:20213 you received Mjollnir from Tyr. On T:20581 you received Fire Brand from Tyr. On T:20918 you wished for "magic marker". On T:21170 you reached level 3 of Sokoban. On T:22694 you killed Wizard of Yendor on level 11 of Gehennom. On T:22695 you killed Wizard of Yendor on level 11 of Gehennom. On T:22723 you performed the invocation. On T:22725 you reached level 21 of Gehennom. On T:22837 you killed high priestess of Moloch on level 21 of Gehennom. On T:22863 you killed Wizard of Yendor on level 21 of Gehennom. On T:22865 you gained the Amulet of Yendor! On T:23804 you killed Wizard of Yendor on level 10 of Gehennom. On T:23806 you killed Wizard of Yendor on level 10 of Gehennom. On T:23806 you killed Wizard of Yendor on level 10 of Gehennom. On T:25293 you reached the Plane of Earth. On T:25294 you killed Wizard of Yendor on the Plane of Earth. On T:25296 you killed Wizard of Yendor on the Plane of Earth. On T:25297 you killed Wizard of Yendor on the Plane of Earth. On T:25354 you reached the Plane of Air. On T:25477 you reached the Plane of Fire. On T:25543 you reached the Plane of Water. On T:25580 you reached the Astral Plane. On T:25589 you killed Death on the Astral Plane. On T:25619 you killed Death on the Astral Plane. On T:25632 you killed Death on the Astral Plane. On T:25649 you killed Death on the Astral Plane. On T:25658 you lost the Amulet of Yendor. On T:25658 you offered the Amulet of Yendor to Tyr and ascended to the status of Demigod! Score breakdown: Gold: 4606 (12461 points) Experience: 15 levels (20844 points) Exploration: 48 levels (100.00%) (30000 points) Discoveries: 85 items ( 34.14%) (17527 points) Valuables value: 1350 (10649 points) Artifact value: 30000 (15229 points) Variety of kills: 266 monsters ( 69.45%) (25001 points) Turncount: 25658 turns (-3770 points) Survival: ascended (score multiplied by 200%) Total score: 255882 Latest messages: The orange dragon misses the invisible high priestess of Tyr. The invisible high priestess of Tyr swings her mace at the orange dragon. The invisible high priestess of Tyr hits the orange dragon. (2x) The elf-lord misses Joshua the invisible Seignieur. (2x) The shimmering dragon bites the winged gargoyle. The shimmering dragon hits the winged gargoyle. (2x) You hear some noises nearby. (2x) The Angel of Loki drinks a potion of invisibility! The invisible Angel of Loki's body turns transparent! The Angel of Loki picks up a few items from the floor. You hear some noises in the distance. (3x) The black naga misses the Angel of Loki. There is an altar to Tyr (lawful) here. You offer the Amulet of Yendor to Tyr... An invisible choir sings, and you are bathed in radiance... The voice of Tyr rings out: "Congratulations, mortal!" "In return for thy service, I grant thee the gift of Immortality!" You ascend to the status of Demigod... The oilskin sack is empty. The oilskin sack is empty. Final status: Farvel noty the Demigod, ascended... You went to your reward with 255882 points, Excalibur (worth 4000 zorkmids) The Orb of Fate (worth 3500 zorkmids) Fire Brand (worth 3000 zorkmids) Mjollnir (worth 4000 zorkmids) The Bell of Opening (worth 5000 zorkmids) The Book of the Dead (worth 10000 zorkmids) The Candelabrum of Invocation (worth 5000 zorkmids) The Sceptre of Might (worth 2500 zorkmids) 3 amulets of ESP (worth 450 zorkmids), 3 amulets versus poison (worth 450 zorkmids), 2 amulets of strangulation (worth 300 zorkmids), 1 amulet of life saving (worth 150 zorkmids), and 4606 pieces of gold, after 25658 moves. You were level 15 with a maximum of 143 hit points when you ascended.